Cogmind - Beta 15 @@@ ROGUE MODE // 2025.05.10 @ 14:07:25 Player: obl-vn Result: Destroyed by P-60 Hacker with Shock Rifle Performance ------------- Evolutions (3) 1500 Regions Visited (16) 3200 Robots Destroyed (187) 935 Value Destroyed (8364) 8364 Prototype IDs (32) 640 Alien Tech Used (0) 0 Bonus (3847) 3847 TOTAL SCORE: 18486 Bonus ------- High Alert Combat Kills 707 Follower Combat Kills 540 Entered Garrisons 800 Used RIF Installer 1500 Aligned with FarCom 300 Cogmind --------- Core Integrity 0/700 Matter 61/300 Energy 89/240 System Corruption 9% Temperature Danger (411) Movement Treading (160) Location -7/Garrison Parts ------- > --- POWER (2) -------- Nuclear Core > --- PROPULSION (4) --- Heavy Treads Armored Huge Wheel > --- UTILITY (5) ------ Large Storage Unit Relay Coupler [NC] (26) Relay Coupler [Grunt] (16) > --- WEAPON (2) ------- Improved Datajack > --- INVENTORY (15) --- Improved Sensor Array Relay Coupler [NC] (33) Relay Coupler [NC] (30) Relay Coupler [Behemoth] (14) Skeleton Box Plasma Cannon Heavy Ion Cannon Improved Grenade Launcher Peak State ------------ > --- POWER ------------ Antimatter Reactor Antimatter Reactor > --- PROPULSION ------- Heavy Treads Heavy Treads > --- UTILITY ---------- Improved Cooling System Large Storage Unit Relay Coupler [NC] Relay Coupler [Grunt] Relay Coupler [Grunt] > --- WEAPON ----------- Plasma Cannon Advanced EMP Blaster > --- INVENTORY -------- Antimatter Reactor Heavy Treads Heavy Treads Improved Light Armor Plating Relay Coupler [Grunt] Relay Coupler [Grunt] Relay Coupler [Behemoth] Skeleton Box Trap Reconfigurator Heavy Particle Cannon Heavy Ion Cannon Improved Datajack Improved Datajack [Rating: 65] Favorites ----------- Power Antimatter Reactor Engine Ion Engine Power Core Nuclear Core Reactor Antimatter Reactor Propulsion Light Treads Treads Light Treads Wheel Armored Huge Wheel Utility Large Storage Unit Device Improved Cooling System Storage Large Storage Unit Processor Target Analyzer Hackware Relay Coupler [Grunt] Protection Improved Light Armor Plating Weapon Heavy Ion Cannon Energy Gun Improved Medium Laser Energy Cannon Heavy Ion Cannon Ballistic Gun Assault Rifle Ballistic Cannon Assault Cannon Launcher Advanced EMP Blaster Special Melee Weapon Improved Datajack Build | -11 -10 -10 -9 -9 -9 -8 -8 -8 -8 -8 -7 -7 -7 -7 -7 -7 ------- Run | Yrd Mat Min Mat Min Exi Min Mat Gar Mat Gar Fac Was Fac Gar Fac Gar Slots Evolved 6 | . . . 2 . . . 2 . . . 2 . . . . . Power 1 | . . . . . . . . . . . 1 . . . . . Propulsion 2 | . . . 1 . . . . . . . 1 . . . . . Utility 3 | . . . 1 . . . 2 . . . . . . . . . Weapon . | . . . . . . . . . . . . . . . . . Parts Attached 119 | 7 3 . 11 . 4 . 26 14 6 5 4 7 7 9 12 4 Power 14 | 1 . . 2 . . . . 1 . 1 1 3 2 1 2 . Engine 5 | 1 . . 2 . . . . 1 . . . . 1 . . . Core 5 | . . . . . . . . . . 1 1 . . 1 2 . Reactor 4 | . . . . . . . . . . . . 3 1 . . . Propulsion 24 | 2 1 . 1 . . . 5 6 2 . 2 2 . 2 . 1 Treads 20 | 2 . . 1 . . . 4 6 2 . 1 2 . 2 . . Leg . | . . . . . . . . . . . . . . . . . Wheel 4 | . 1 . . . . . 1 . . . 1 . . . . 1 Hover . | . . . . . . . . . . . . . . . . . Flight . | . . . . . . . . . . . . . . . . . Utility 47 | 2 2 . 3 . 3 . 13 7 1 3 . 2 1 3 5 2 Device 11 | 1 . . 2 . . . 2 3 1 . . 1 . . 1 . Storage 6 | 1 1 . 1 . 3 . . . . . . . . . . . Processor 3 | . . . . . . . 2 . . . . . 1 . . . Hackware 13 | . . . . . . . 2 4 . 2 . 1 . 2 1 1 Protection 14 | . 1 . . . . . 7 . . 1 . . . 1 3 1 Artifact . | . . . . . . . . . . . . . . . . . Weapon 34 | 2 . . 5 . 1 . 8 . 3 1 1 . 4 3 5 1 Energy Gun 10 | 1 . . 3 . 1 . 2 . . . . . 1 . 2 . Energy Cannon 12 | . . . . . . . 1 . 2 1 1 . 2 2 3 . Ballistic Gun 1 | 1 . . . . . . . . . . . . . . . . Ballistic Cannon 3 | . . . . . . . 3 . . . . . . . . . Launcher 5 | . . . 2 . . . 1 . . . . . 1 . . 1 Special Weapon . | . . . . . . . . . . . . . . . . . Impact Weapon . | . . . . . . . . . . . . . . . . . Slashing Weapon . | . . . . . . . . . . . . . . . . . Piercing Weapon . | . . . . . . . . . . . . . . . . . Special Melee Weapon 3 | . . . . . . . 1 . 1 . . . . 1 . . Unidentified Prototypes 7 | . . . 2 . . . 2 . . . . . 2 . 1 . Parts Lost 28 | . . . 1 . . . 10 . . 1 . . 3 4 1 8 Power 4 | . . . . . . . . . . . . . 1 1 . 2 Propulsion 5 | . . . 1 . . . 2 . . . . . . 1 . 1 Utility 12 | . . . . . . . 6 . . 1 . . 1 1 . 3 Weapon 7 | . . . . . . . 2 . . . . . 1 1 1 2 Highest Loss Streak 8 | . . . 1 . . . 6 . . 1 . . 2 4 1 8 To Critical Strikes . | . . . . . . . . . . . . . . . . . Average Backups 13 | 2 6 8 10 15 14 14 13 14 14 14 14 14 12 12 13 12 Power . | 1 1 1 . . . . 1 1 1 1 . 1 . . . . Propulsion 1 | . 1 1 . . . . . 1 2 1 . 1 2 1 1 1 Utility 4 | . 2 2 1 4 3 3 2 3 5 6 6 6 4 4 5 4 Weapon 4 | 1 1 3 5 9 8 8 6 4 4 4 4 4 2 2 2 2 Tool/Special . | . . . . . . . . . . . . . . . . . Unused Backups 30 | . 2 . 3 . 2 . 7 2 1 1 . 4 1 . 3 4 Power 3 | . 1 . . . . . . . . . . 1 . . 1 . Propulsion 2 | . . . . . . . . . . 1 . 1 . . . . Utility 13 | . 1 . 1 . 1 . 2 1 . . . 1 1 . 2 3 Weapon 11 | . . . 1 . 1 . 5 1 1 . . 1 . . . 1 Tool/Special 1 | . . . 1 . . . . . . . . . . . . . Average Slot Usage (%) 90 | . 100 100 98 100 99 100 88 93 99 99 93 84 82 83 83 82 Engine 5 | . 14 14 11 11 11 11 8 9 8 3 . . 2 5 . . Core 2 | . . . . . . . . . . 5 14 9 . 1 7 14 Reactor 2 | . . . . . . . . . . . . 5 12 6 6 . Treads 21 | . 27 28 22 33 33 33 24 27 27 27 18 10 15 14 14 14 Device 6 | . 3 . 11 22 16 11 2 1 6 6 7 5 7 7 7 6 Storage 9 | . 14 14 11 11 16 22 15 9 9 9 7 7 7 7 7 7 Processor 1 | . . . . . . . 6 . . . . . . 5 . . Hackware 13 | . . . . . . . 3 27 29 21 15 22 16 15 15 8 Protection 5 | . 10 14 9 . . . 14 . . 8 7 1 3 . 6 13 Energy Gun 5 | . 14 14 18 22 22 14 4 . . . . . 1 . 1 . Energy Cannon 5 | . . . . . . . . 9 9 3 2 7 7 10 10 8 Ballistic Cannon 2 | . . . . . . . 6 3 6 7 4 . . . . . Launcher 1 | . . . . . . 7 . 4 . 5 7 . . . . 5 Special Melee Weapon 1 | . . . . . . . . . 2 . . 6 4 3 1 . Peak Build Rating 65 | 7 7 7 17 17 20 20 27 36 33 37 47 64 65 63 62 58 Average Rating 37 | 4 6 7 12 17 18 19 22 26 32 34 43 55 62 61 60 53 On Entrance 29 | . 7 7 7 17 17 20 19 27 28 33 37 45 64 62 56 56 Naked Turns . | . . . . . . . . . . . . . . . . . Heaviest Build 70 | 14 14 14 34 34 37 38 52 42 40 42 50 62 70 65 68 60 Greatest Support 140 | 40 40 40 60 60 60 60 60 60 64 64 84 140 140 140 140 140 Greatest Overweight (x) 2 | . . . 2 . . . 2 . . . 1 1 . . . 1 Average Overweight (x) . | . . . 1 . . . . . . . . . . . . . Largest Inventory Capacity 25 | 8 25 8 15 15 15 15 15 15 15 15 15 15 15 15 15 15 Average Capacity 14 | 7 8 8 12 15 15 15 15 15 15 15 15 15 15 15 15 15 Most Carried 15 | 6 8 8 15 15 15 15 15 15 15 15 15 15 15 15 15 15 Average Carried 14 | 3 6 8 10 14 14 15 14 14 14 14 14 14 14 14 14 14 Final Capacity 15 | 8 8 8 15 15 15 15 15 15 15 15 15 15 15 15 15 15 Final Carried 15 | 3 8 8 15 15 15 15 14 15 15 14 15 15 15 10 14 8 Class Distribution -------------------- 53% | Bothacker-Mutant 23% | Mutant 23% | Scavenger-Mutant Dominant Class ---------------- Mutant | -10/Materials Mutant | -10/Mines Mutant | -9/Materials Mutant | -9/Mines Mutant | -9/Exiles Mutant | -8/Mines Scavenger-Mutant | -8/Materials Scavenger-Mutant | -8/Garrison Bothacker-Mutant | -8/Materials Bothacker-Mutant | -8/Garrison Bothacker-Mutant | -7/Factory Bothacker-Mutant | -7/Waste Bothacker-Mutant | -7/Factory Bothacker-Mutant | -7/Garrison Bothacker-Mutant | -7/Factory Bothacker-Mutant | -7/Garrison Resources | -11 -10 -10 -9 -9 -9 -8 -8 -8 -8 -8 -7 -7 -7 -7 -7 -7 ----------- Run | Yrd Mat Min Mat Min Exi Min Mat Gar Mat Gar Fac Was Fac Gar Fac Gar Matter Collected 3788 | 269 100 . 295 26 40 26 730 711 193 362 181 149 145 188 373 . Remotely . | . . . . . . . . . . . . . . . . . Salvage Created 9107 | 19 100 . 701 . . 143 1558 1050 267 706 362 1888 674 451 880 308 Parts 398 | 4 11 . 40 . . 6 84 65 12 30 21 23 28 15 43 16 Haulers Intercepted 8 | . . . 1 . . . 3 . 1 . 1 . 1 . 1 . Recyclers Shooed 6 | . . . 1 . . . 4 . 1 . . . . . . . Parts Field Recycled . | . . . . . . . . . . . . . . . . . Retrieved Matter . | . . . . . . . . . . . . . . . . . Parts Self-Destructed . | . . . . . . . . . . . . . . . . . Prevented . | . . . . . . . . . . . . . . . . . Kills | -11 -10 -10 -9 -9 -9 -8 -8 -8 -8 -8 -7 -7 -7 -7 -7 -7 ------- Run | Yrd Mat Min Mat Min Exi Min Mat Gar Mat Gar Fac Was Fac Gar Fac Gar Combat Hostiles Destroyed 155 | . 2 . 16 . . 3 25 27 5 14 5 6 14 10 17 11 Guns 24 | . 2 . 10 . . 1 9 . . . . . . . 2 . Cannons 74 | . . . . . . . 13 13 5 6 1 2 9 8 14 3 AOE 44 | . . . 6 . . 1 2 13 . 8 3 . 3 . . 8 Classes Destroyed 19 | 1 2 . 4 . . . 4 3 . 2 . 1 . 2 . . Worker 2 | . . . . . . . 2 . . . . . . . . . Builder 6 | . . . . . . . 2 . . . 3 . 1 . . . Tunneler 2 | 1 . . . . . . 1 . . . . . . . . . Hauler 8 | . . . 1 . . . 3 . 1 . 1 . 1 . 1 . Recycler 5 | . . . 2 . . . 3 . . . . . . . . . Mechanic 1 | . . . . . . . 1 . . . . . . . . . Operator 3 | . 1 . . . . . 2 . . . . . . . . . Watcher 4 | . . . 1 . . . 2 . . . . . . . 1 . Swarmer 29 | . . . 7 . . . . 7 . . . . 4 4 3 4 Cutter 1 | . . . . . . . . . . . . . . 1 . . Grunt 77 | . 2 . 9 . . 3 19 12 3 9 5 . 6 1 5 3 Brawler 2 | . . . . . . . . . . 1 . . . . . 1 Duelist 7 | . . . . . . . . 1 . . . . . 3 . 3 Sentry 16 | . . . . . . . 6 4 1 . . . 2 1 2 . Specialist 1 | . . . . . . . . . . 1 . . . . . . Hunter 4 | . . . . . . . . 1 1 . . . 1 . 1 . Programmer 12 | . . . . . . . . 2 . 3 . . 1 . 6 . Behemoth 1 | . . . . . . . . . . . . . . 1 . . Compactor 6 | . . . . . . . . . . . . 6 . . . . Best Kill Streak 11 | 1 3 . 5 . . 3 6 10 2 3 5 1 4 4 3 11 Combat Bots Only 11 | . 2 . 5 . . 3 5 10 2 3 3 1 4 4 3 11 Max Kills in Single Turn 3 | 1 1 . 3 . . 1 2 2 1 2 2 1 3 1 1 3 Gunslinging . | . . . . . . . . . . . . . . . . . Exploded 3 | . . . 3 . . 1 1 2 . 2 1 . 3 . . 3 Melee . | . . . . . . . . . . . . . . . . . Uniques/NPCs Destroyed . | . . . . . . . . . . . . . . . . . Combat | -11 -10 -10 -9 -9 -9 -8 -8 -8 -8 -8 -7 -7 -7 -7 -7 -7 -------- Run | Yrd Mat Min Mat Min Exi Min Mat Gar Mat Gar Fac Was Fac Gar Fac Gar Hostile Shots Fired 808 | . 7 . 65 . . 13 136 48 24 57 13 1 88 90 134 132 Missed 228 | . 3 . 25 . . 3 33 14 8 17 5 . 27 19 40 34 Hits 580 | . 4 . 40 . . 10 103 34 16 40 8 1 61 71 94 98 Melee 30 | . . . . . . . . . . . . 1 . 24 . 5 Projectile 550 | . 4 . 40 . . 10 103 34 16 40 8 . 61 47 94 93 Critical Strikes 25 | . . . . . . . 5 1 . 4 . 1 1 7 3 3 Damage Taken 9520 | . 44 . 357 . . 190 1911 469 198 765 230 59 986 1612 1371 1328 Core 1303 | . 22 . 26 . . 18 211 153 52 119 15 59 75 237 169 147 Absorbed by Shields . | . . . . . . . . . . . . . . . . . Redirected to Shielding 40 | . 6 . 29 . . . . . . . . . . . 5 . Regen/Repaired (Parts) 1019 | . . . . . . . 136 . 46 . . . . . 837 . Core Remaining (%) 70 | 100 . 91 . . . 89 . . . 2 . . . . . . Volleys Fired 620 | 3 13 1 41 2 . 6 118 72 25 43 15 91 34 63 73 20 Largest 2 | 2 2 2 2 2 . 2 2 2 2 2 2 1 2 2 2 2 Hottest 155 | 60 60 60 112 112 . 89 95 97 112 112 116 80 155 145 149 145 Shots Fired 852 | 6 24 2 74 4 . 10 143 98 34 72 22 91 46 87 108 31 Gun 185 | 6 24 2 71 4 . 6 52 . . . . . 10 3 7 . Cannon 591 | . . . . . . . 86 81 34 45 15 91 34 84 101 20 Launcher 76 | . . . 3 . . 4 5 17 . 27 7 . 2 . . 11 Special . | . . . . . . . . . . . . . . . . . Kinetic 188 | 3 13 1 15 . . . 86 24 9 30 7 . . . . . Thermal 518 | 3 11 1 56 4 . 6 1 57 25 15 8 91 44 87 100 9 Explosive 13 | . . . 2 . . . . . . . . . . . . 11 Electromagnetic 133 | . . . 1 . . 4 56 17 . 27 7 . 2 . 8 11 Robot Hit Streak 19 | 6 8 3 17 2 . 3 17 9 19 15 4 12 16 16 15 6 Robot Miss Streak 9 | . 4 . 4 1 . 1 6 9 1 4 2 3 1 4 4 3 Penetration Max 1 | . . . . . . . 1 . . . . . . . . . Secondary Targets 4 | . . . 2 . . . 2 . . . . . . . . . Max Gunslinging Chain 1 | . . . 1 . . . 1 . . . . . . . . . Shots Hit Robots 581 | 6 14 2 44 2 . 6 107 47 33 35 15 74 46 61 74 15 Core Hits 298 | 1 6 . 26 . . 4 63 54 7 27 13 10 21 16 28 22 Critical Kills 7 | . . . 1 . . . . . . . . 4 . 1 1 . Critical Parts Destroyed . | . . . . . . . . . . . . . . . . . Critical Strikes 27 | . . . 9 . . . 10 . . 1 1 4 . 1 1 . Burn 8 | . . . 8 . . . . . . . . . . . . . Meltdown 6 | . . . . . . . . . . . . 4 . 1 1 . Destroy 1 | . . . 1 . . . . . . . . . . . . . Blast 12 | . . . . . . . 10 . . 1 1 . . . . . Melee Attacks 47 | . . . . . . . 1 9 7 . 2 6 7 5 9 1 Impact . | . . . . . . . . . . . . . . . . . Slashing . | . . . . . . . . . . . . . . . . . Piercing . | . . . . . . . . . . . . . . . . . Sneak Attacks 11 | . . . . . . . 1 1 3 . 2 . . . 4 . Combat Hostiles 1 | . . . . . . . . . 1 . . . . . . . Follow-up Attacks . | . . . . . . . . . . . . . . . . . Damage Inflicted 19314 | 70 162 25 1018 33 . 364 4376 1683 705 1822 718 1938 1497 1738 2009 1156 Guns 2486 | 70 162 25 691 33 . 65 899 . . . . . 298 79 164 . Cannons 11901 | . . . . . . . 2836 853 705 682 201 1938 867 1659 1845 315 Explosions 4927 | . . . 327 . . 299 641 830 . 1140 517 . 332 . . 841 Melee . | . . . . . . . . . . . . . . . . . Ramming . | . . . . . . . . . . . . . . . . . Kinetic 4195 | 36 99 13 89 . . . 2836 462 105 432 123 . . . . . Thermal 9991 | 34 63 12 669 33 . 230 342 484 600 374 172 1938 1312 1738 1885 105 Explosive 1032 | . . . 191 . . . . . . . . . . . . 841 Electromagnetic 4096 | . . . 69 . . 134 1198 737 . 1016 423 . 185 . 124 210 Impact . | . . . . . . . . . . . . . . . . . Slashing . | . . . . . . . . . . . . . . . . . Piercing . | . . . . . . . . . . . . . . . . . Highest Corruption 9 | . . . . . . . . 1 1 7 . . 1 1 9 9 Average Corruption 2 | . . . . . . . . 1 1 3 . . 1 1 3 9 Corruption Purged . | . . . . . . . . . . . . . . . . . Corruption Blocked . | . . . . . . . . . . . . . . . . . Effects 78 | . . . . . . . . 2 7 17 . . 1 7 36 8 Message Errors 15 | . . . . . . . . . 3 3 . . . 1 6 2 Matter Fused 28 | . . . . . . . . 2 3 4 . . . 3 15 1 Heat Flow Errors 6 | . . . . . . . . . 1 2 . . . . 1 2 Energy Discharges 8 | . . . . . . . . . . 3 . . . 1 3 1 Parts Rejected 1 | . . . . . . . . . . 1 . . . . . . Data Loss (minor) 11 | . . . . . . . . . . 2 . . 1 1 5 2 Misfires 5 | . . . . . . . . . . 1 . . . . 4 . Alerts 2 | . . . . . . . . . . 1 . . . . 1 . Weapon Failures 2 | . . . . . . . . . . . . . . 1 1 . Overload Shots . | . . . . . . . . . . . . . . . . . Overflow Damage 422 | . . . 3 . . . 210 14 18 6 . . 41 4 55 71 Projectiles 344 | . . . . . . . 206 14 18 6 . . 41 4 55 . Explosions 78 | . . . 3 . . . 4 . . . . . . . . 71 Melee . | . . . . . . . . . . . . . . . . . Knockbacks 24 | . . . . . . . 14 6 . 4 . . . . . . Impact . | . . . . . . . . . . . . . . . . . Kinetic 24 | . . . . . . . 14 6 . 4 . . . . . . Secondary . | . . . . . . . . . . . . . . . . . Self-Inflicted Damage 617 | . . . . . . 20 83 16 . 131 96 . 112 . . 159 Shots 26 | . . . . . . 1 3 2 . 8 5 . 3 . . 4 Rammed . | . . . . . . . . . . . . . . . . . Targets Rammed . | . . . . . . . . . . . . . . . . . Kicked . | . . . . . . . . . . . . . . . . . Crushed . | . . . . . . . . . . . . . . . . . Highest Temperature 509 | . 12 . 250 . . 5 378 270 253 204 75 320 63 51 168 509 Average Temperature 70 | . 7 . 75 . . 3 64 46 100 76 36 141 25 20 48 209 Received Heat Transfer 2298 | . 24 . 72 . . 90 873 117 45 108 72 . 285 123 192 297 Effects 8 | . . . . . . . 2 . . . . . . . . 6 Shutdowns 1 | . . . . . . . . . . . . . . . . 1 Energy Bleed 3 | . . . . . . . 1 . . . . . . . . 2 Matter Decay 1 | . . . . . . . . . . . . . . . . 1 Short Circuit 2 | . . . . . . . 1 . . . . . . . . 1 Damage (major) 1 | . . . . . . . . . . . . . . . . 1 Siege Activations . | . . . . . . . . . . . . . . . . . Martial Activations . | . . . . . . . . . . . . . . . . . Shielding Activations . | . . . . . . . . . . . . . . . . . Robots Disrupted 1 | . . . . . . . . . . . . . . . . 1 Combat Hostiles 1 | . . . . . . . . . . . . . . . . 1 Robots Corrupted 4 | . . . . . . 1 1 1 . . 1 . . . . . Combat Hostiles 4 | . . . . . . 1 1 1 . . 1 . . . . . Parts Fried 14 | . . . . . . . 6 3 . 2 2 . . . . 1 Impact Corruptions . | . . . . . . . . . . . . . . . . . Robots Melted 9 | . . . . . . . . . . . . 4 2 2 1 . Combat Hostiles 9 | . . . . . . . . . . . . 4 2 2 1 . Parts Melted 31 | . . . 4 . . . . . . . . 4 8 5 10 . Heat Transferred 16167 | 75 150 25 1952 74 . 298 337 692 888 433 200 3785 2087 2319 2665 187 Parts Sabotaged . | . . . . . . . . . . . . . . . . . Parts Stolen . | . . . . . . . . . . . . . . . . . Parts Stripped . | . . . . . . . . . . . . . . . . . Power Chain Reactions 21 | . . . 1 . . 1 5 5 . 4 3 . 2 . . . Alert | -11 -10 -10 -9 -9 -9 -8 -8 -8 -8 -8 -7 -7 -7 -7 -7 -7 ------- Run | Yrd Mat Min Mat Min Exi Min Mat Gar Mat Gar Fac Was Fac Gar Fac Gar Maximum Alert Level 4 | . . . 1 . . . 2 4 2 2 2 . . 2 1 1 Low Security (%) 62 | 100 100 100 92 100 . 100 78 . . 2 . 100 100 11 95 72 Level 1 14 | . . . 7 . . . 10 22 6 34 84 . . 48 4 27 Level 2 16 | . . . . . . . 10 20 93 63 15 . . 40 . . Level 3 4 | . . . . . . . . 39 . . . . . . . . Level 4 1 | . . . . . . . . 16 . . . . . . . . Level 5 . | . . . . . . . . . . . . . . . . . High Security . | . . . . . . . . . . . . . . . . . Max Security . | . . . . . . . . . . . . . . . . . Peak Influence 1315 | 5 55 . 227 82 . 119 424 1315 640 686 422 134 144 446 231 358 Initial 640 | . . . . 82 . . 42 260 640 194 359 134 . 74 231 123 Average 227 | . 7 . 112 16 . 63 137 775 503 443 361 34 81 339 50 191 Influence Increases 5354 | 5 84 . 429 78 . 129 1015 1075 151 502 223 . 436 468 489 270 Destroy 0b10 Robot/C 3100 | . 40 . 320 60 . 60 500 580 100 280 100 . 300 325 270 165 Destroy 0b10 Robot/NC 153 | 5 5 . 20 . . . 80 . 5 . 20 . 10 . 8 . Destroy Leader 514 | . 20 . 44 10 . 10 140 20 22 40 12 . 62 34 92 8 Allied During Kill 66 | . . . . 8 . . . 9 2 . . . 5 40 2 . Trap Triggered on 0b10 10 | . . . . . . . . . . 10 . . . . . . Successful Hack 80 | . 19 . . . . . 15 10 18 14 4 . . . . . Disable Machine 225 | . . . 15 . . 15 45 . . 30 45 . 15 . 60 . Anti-Garrison Action 426 | . . . . . . . . 250 . 100 . . . 38 . 38 Destroy Structure 333 | . . . 15 . . 14 55 116 4 28 12 . 14 31 9 35 Lose Combat Pursuer 447 | . . . 15 . . 30 180 90 . . 30 . 30 . 48 24 Influence Decreases 5041 | 5 84 . 218 289 . 20 724 160 1167 115 525 384 330 132 754 134 Entered New Map 1990 | . . . . 129 . . 67 140 675 105 327 250 . 32 211 54 Time Decay 2486 | 5 59 . 208 160 . 20 587 . 302 . 198 134 300 . 513 . Lost Part 250 | . . . 10 . . . 70 . . 10 . . 30 40 10 80 Lost Ally 140 | . . . . . . . . 20 40 . . . . 60 20 . Purge Threat 175 | . 25 . . . . . . . 150 . . . . . . . Squads Dispatched 22 | . 2 . 1 . . . 7 . . . . . 2 . 10 . Investigation 7 | . 1 . . . . . 3 . . . . . . . 3 . Extermination 6 | . . . . . . . . . . . . . 1 . 5 . Reinforcement 9 | . 1 . 1 . . . 4 . . . . . 1 . 2 . Assault . | . . . . . . . . . . . . . . . . . Garrison . | . . . . . . . . . . . . . . . . . Intercept . | . . . . . . . . . . . . . . . . . Searches Triggered . | . . . . . . . . . . . . . . . . . Construction Impeded 1 | . . . . . . . 1 . . . . . . . . . Haulers Reinforced 1 | . . . . . . . . . . . . . 1 . . . Active Scanning Responses . | . . . . . . . . . . . . . . . . . Cargo Convoy Interrupts . | . . . . . . . . . . . . . . . . . Stealth | -11 -10 -10 -9 -9 -9 -8 -8 -8 -8 -8 -7 -7 -7 -7 -7 -7 --------- Run | Yrd Mat Min Mat Min Exi Min Mat Gar Mat Gar Fac Was Fac Gar Fac Gar Distress Signals 6 | . . . 1 . . . 4 . 1 . . . . . . . Communications Jammed . | . . . . . . . . . . . . . . . . . Distress Signals . | . . . . . . . . . . . . . . . . . Times Spotted 224 | . 6 . 22 . . 3 42 24 7 15 9 6 19 22 34 15 Peak Tracking Total 9 | . 1 . 5 . . 5 5 8 2 3 5 4 4 4 6 9 Tactical Retreats 20 | . . . 1 . . 1 9 3 . . 1 . 1 . 2 2 Traps | -11 -10 -10 -9 -9 -9 -8 -8 -8 -8 -8 -7 -7 -7 -7 -7 -7 ------- Run | Yrd Mat Min Mat Min Exi Min Mat Gar Mat Gar Fac Was Fac Gar Fac Gar Traps Triggered 11 | . . . . . . . 1 4 . 1 1 . 1 . 3 . Indirectly 3 | . . . . . . . . 2 . 1 . . . . . . Trap Hack Attempts . | . . . . . . . . . . . . . . . . . Triggered . | . . . . . . . . . . . . . . . . . Disarmed . | . . . . . . . . . . . . . . . . . Reprogrammed . | . . . . . . . . . . . . . . . . . Reused 1 | . . . . . . . . . . 1 . . . . . . Traps Reconfigurated 5 | . . . . . . . . 2 . 2 1 . . . . . Traps Extracted . | . . . . . . . . . . . . . . . . . Installed . | . . . . . . . . . . . . . . . . . Triggered 1 | . . . . . . . . . . 1 . . . . . . Machines | -11 -10 -10 -9 -9 -9 -8 -8 -8 -8 -8 -7 -7 -7 -7 -7 -7 ---------- Run | Yrd Mat Min Mat Min Exi Min Mat Gar Mat Gar Fac Was Fac Gar Fac Gar Machines Disabled 24 | . . . 1 . . 1 3 4 . 4 3 . 1 1 5 1 Max in Single Turn 2 | . . . 1 . . 1 2 1 . 1 2 . 1 1 1 1 Garrison Relay 7 | . . . . . . . . 3 . 2 . . . 1 . 1 Machines Repaired . | . . . . . . . . . . . . . . . . . Machines Dismantled . | . . . . . . . . . . . . . . . . . Machines Sabotaged . | . . . . . . . . . . . . . . . . . Overloaded Fab Kills . | . . . . . . . . . . . . . . . . . Hacking | -11 -10 -10 -9 -9 -9 -8 -8 -8 -8 -8 -7 -7 -7 -7 -7 -7 --------- Run | Yrd Mat Min Mat Min Exi Min Mat Gar Mat Gar Fac Was Fac Gar Fac Gar Machines Accessed 33 | . 4 . . . 1 . 6 2 5 2 1 . 2 . 10 . Terminals 19 | . 4 . . . . . 4 2 3 2 1 . . . 3 . Fabricators 2 | . . . . . . . . . . . . . 1 . 1 . Repair Stations 6 | . . . . . . . 1 . 1 . . . . . 4 . Recycling Units 1 | . . . . . . . . . . . . . . . 1 . Scanalyzers . | . . . . . . . . . . . . . . . . . Garrison Access 4 | . . . . . . . 1 . 1 . . . 1 . 1 . Total Hacks 56 | . 9 . . . 1 . 16 2 8 2 2 . 3 . 13 . Successful 32 | . 3 . . . 1 . 11 2 8 1 1 . 1 . 4 . Failed 24 | . 6 . . . . . 5 . . 1 1 . 2 . 9 . Catastrophic 4 | . 1 . . . . . 1 . . 1 . . . . 1 . Database Lockouts . | . . . . . . . . . . . . . . . . . Manual 10 | . . . . . 1 . 6 . . . . . . . 3 . Terminals 35 | . 9 . . . . . 11 2 5 2 2 . . . 4 . Fabricators 3 | . . . . . . . . . . . . . 2 . 1 . Repair Stations 12 | . . . . . . . 4 . 2 . . . . . 6 . Recycling Units 1 | . . . . . . . . . . . . . . . 1 . Scanalyzers . | . . . . . . . . . . . . . . . . . Garrison Access 4 | . . . . . . . 1 . 1 . . . 1 . 1 . Terminal Hacks 19 | . 3 . . . 1 . 6 2 5 1 1 . . . . . Record 3 | . . . . . . . 3 . . . . . . . . . Prototype ID Bank 1 | . . . . . . . . . 1 . . . . . . . Emergency Access Points 2 | . . . . . . . . 1 1 . . . . . . . Terminal Index 1 | . 1 . . . . . . . . . . . . . . . Unreport Threat 2 | . 1 . . . . . . . 1 . . . . . . . Locate Traps 2 | . . . . . . . . . 1 . 1 . . . . . Recall Investigation 1 | . . . . . . . 1 . . . . . . . . . Recall Reinforcements 1 | . . . . . . . 1 . . . . . . . . . Zone Layout 3 | . 1 . . . . . 1 . 1 . . . . . . . Garrison Registry 2 | . . . . . . . . 1 . 1 . . . . . . Proto ID Catalog 1 | . . . . . 1 . . . . . . . . . . . Fabricator Hacks 1 | . . . . . . . . . . . . . . . 1 . Network Status 1 | . . . . . . . . . . . . . . . 1 . Repair Station Hacks 7 | . . . . . . . 4 . 2 . . . . . 1 . Scan Component 4 | . . . . . . . 2 . 1 . . . . . 1 . Repair 3 | . . . . . . . 2 . 1 . . . . . . . Recycling Unit Hacks . | . . . . . . . . . . . . . . . . . Scanalyzer . | . . . . . . . . . . . . . . . . . Garrison Access Hacks 4 | . . . . . . . 1 . 1 . . . 1 . 1 . Unlock Access 4 | . . . . . . . 1 . 1 . . . 1 . 1 . Unauthorized Hacks 1 | . . . . . . . . . . . . . . . 1 . Terminals . | . . . . . . . . . . . . . . . . . Fabricators . | . . . . . . . . . . . . . . . . . Repair Stations 1 | . . . . . . . . . . . . . . . 1 . Patch 1 | . . . . . . . . . . . . . . . 1 . Recycling Units . | . . . . . . . . . . . . . . . . . Scanalyzers . | . . . . . . . . . . . . . . . . . Garrison Access . | . . . . . . . . . . . . . . . . . Data Cores Recovered . | . . . . . . . . . . . . . . . . . Used . | . . . . . . . . . . . . . . . . . Hacking Detections 25 | . 4 . . . . . 5 1 3 1 1 . 1 . 9 . Full Trace Events 2 | . . . . . . . 2 . . . . . . . . . Feedback Events . | . . . . . . . . . . . . . . . . . Feedback Blocked . | . . . . . . . . . . . . . . . . . Robot Schematics Acquired . | . . . . . . . . . . . . . . . . . Robots Built . | . . . . . . . . . . . . . . . . . Authchips . | . . . . . . . . . . . . . . . . . Time . | . . . . . . . . . . . . . . . . . Total Robot Build Rating . | . . . . . . . . . . . . . . . . . Part Schematics Acquired . | . . . . . . . . . . . . . . . . . Parts Built . | . . . . . . . . . . . . . . . . . Authchips . | . . . . . . . . . . . . . . . . . Time . | . . . . . . . . . . . . . . . . . Total Part Build Rating . | . . . . . . . . . . . . . . . . . Parts Repaired 3 | . . . . . . . 2 . 1 . . . . . . . Time 84 | . . . . . . . 52 . 32 . . . . . . . Parts Recycled . | . . . . . . . . . . . . . . . . . Recycled Matter . | . . . . . . . . . . . . . . . . . Retrieved Matter . | . . . . . . . . . . . . . . . . . Retrieved Components . | . . . . . . . . . . . . . . . . . Parts Scanalyzed . | . . . . . . . . . . . . . . . . . Part Schematics Acquired . | . . . . . . . . . . . . . . . . . Parts Damaged . | . . . . . . . . . . . . . . . . . Bothacking | -11 -10 -10 -9 -9 -9 -8 -8 -8 -8 -8 -7 -7 -7 -7 -7 -7 ------------ Run | Yrd Mat Min Mat Min Exi Min Mat Gar Mat Gar Fac Was Fac Gar Fac Gar Used RIF Installer 3 | . . . . . . . . 1 . 1 . . . 1 . . Threat Obfuscator 1 | . . . . . . . . . . . . . . 1 . . Program Shield 1 | . . . . . . . . . . 1 . . . . . . Robots Hacked 25 | . . . . . . . . 1 4 . 2 5 4 4 4 1 Non-combat 6 | . . . . . . . . 1 1 . 2 . . . 2 . Combat 19 | . . . . . . . . . 3 . . 5 4 4 2 1 Robot Hacks Applied 26 | . . . . . . . . 1 4 . 2 5 4 4 5 1 no_distress 1 | . . . . . . . . . 1 . . . . . . . find_chute 2 | . . . . . . . . . . . 2 . . . . . ignore_targets 5 | . . . . . . . . . . . . 5 . . . . reboot_system 2 | . . . . . . . . . . . . . 1 1 . . overwrite_iff 11 | . . . . . . . . . 2 . . . 3 3 2 1 streamctrl_low 1 | . . . . . . . . 1 . . . . . . . . formatsys_low 3 | . . . . . . . . . . . . . . . 3 . formatsys_high 1 | . . . . . . . . . 1 . . . . . . . Relay Couplers Released 27 | . . . . . . . . 12 . 7 . . . 3 . 5 Machine Destruction 27 | . . . . . . . . 12 . 7 . . . 3 . 5 Attached 11 | . . . . . . . . 4 . 2 . 1 . 2 1 1 Fabnet Peak Effective % . | . . . . . . . . . . . . . . . . . Robots Rewired . | . . . . . . . . . . . . . . . . . Allies Hacked . | . . . . . . . . . . . . . . . . . Hacks Repelled . | . . . . . . . . . . . . . . . . . Allies | -11 -10 -10 -9 -9 -9 -8 -8 -8 -8 -8 -7 -7 -7 -7 -7 -7 -------- Run | Yrd Mat Min Mat Min Exi Min Mat Gar Mat Gar Fac Was Fac Gar Fac Gar Total Allies 22 | . . . . 4 . . . 2 3 . . . 3 5 4 1 Largest Group 4 | . . . . 4 3 3 . 2 1 . . . 2 3 3 . Highest-Rated Group 158 | . . . . 71 40 40 . 54 16 . . . 45 158 62 . Highest-Rated Ally 80 | . . . . 31 16 16 . 31 16 . . . 29 80 29 . Total Orders 11 | . . . . . . . . . . . . . . . 11 . STAY 4 | . . . . . . . . . . . . . . . 4 . FOLLOW 2 | . . . . . . . . . . . . . . . 2 . AID 5 | . . . . . . . . . . . . . . . 5 . Ally Attacks 95 | . . . . 13 . 5 . 6 8 . . . 11 48 4 . Total Damage 2725 | . . . . 131 . 54 . 108 124 . . . 149 2082 77 . Kills 17 | . . . . 3 . . . 2 . . . . 1 10 1 . Allies Corrupted . | . . . . . . . . . . . . . . . . . Allies Melted . | . . . . . . . . . . . . . . . . . Intel | -11 -10 -10 -9 -9 -9 -8 -8 -8 -8 -8 -7 -7 -7 -7 -7 -7 ------- Run | Yrd Mat Min Mat Min Exi Min Mat Gar Mat Gar Fac Was Fac Gar Fac Gar Active Infowar (turns) 2458 | 5 96 . 467 962 184 . 386 200 . . . . . . 158 . Sensors 158 | . . . . . . . . . . . . . . . 158 . Structural 390 | . . . . . . . 386 4 . . . . . . . . Traps 196 | . . . . . . . . 196 . . . . . . . . Seismic 1714 | 5 96 . 467 962 184 . . . . . . . . . . . Robot Analysis Total . | . . . . . . . . . . . . . . . . . Derelict Logs Recovered 2 | . . 1 . 1 . . . . . . . . . . . . Drone Launches . | . . . . . . . . . . . . . . . . . Drone Recoveries . | . . . . . . . . . . . . . . . . . Exploration | -11 -10 -10 -9 -9 -9 -8 -8 -8 -8 -8 -7 -7 -7 -7 -7 -7 ------------- Run | Yrd Mat Min Mat Min Exi Min Mat Gar Mat Gar Fac Was Fac Gar Fac Gar Turns Passed 12878 | 83 452 119 508 962 392 46 2043 1437 675 692 409 555 799 922 2521 263 Spaces Moved 6307 | 41 242 43 243 582 237 17 858 701 315 281 277 236 408 436 1272 118 Core 9 | 9 . . . . . . . . . . . . . . . . Treads 5648 | 32 242 43 45 582 237 17 745 701 315 281 67 108 408 436 1272 117 Legs . | . . . . . . . . . . . . . . . . . Wheels 650 | . . . 198 . . . 113 . . . 210 128 . . . 1 Hover . | . . . . . . . . . . . . . . . . . Flight . | . . . . . . . . . . . . . . . . . Fastest Speed 50 | 50 160 160 100 160 160 160 130 160 150 150 115 115 160 160 160 115 Average Speed 157 | 135 160 160 126 160 160 160 173 160 151 150 126 135 160 160 160 159 Slowest Speed 240 | 160 160 160 160 160 160 160 240 160 160 150 240 160 160 160 160 160 Overloaded Moves . | . . . . . . . . . . . . . . . . . Propulsion Burnouts . | . . . . . . . . . . . . . . . . . Robots Hopped . | . . . . . . . . . . . . . . . . . Potential Cave-ins . | . . . . . . . . . . . . . . . . . Cave-ins Triggered . | . . . . . . . . . . . . . . . . . Exploration Rate (%) 36 | 4 34 11 29 97 61 10 53 61 35 38 9 82 11 43 32 18 Regions Visited 16 Branch Regions 4 Pre-discovered Areas . | . . . . . . . . . . . . . . . . . Known Exits Taken 4 | . . . . . . . 1 . 1 . . . 1 . 1 . Unknown Exits Taken 7 | 1 1 1 1 1 1 1 . . . . . . . . . . Scrap Searched 2 | . . . . 2 . . . . . . . . . . . . Spaces Dug 4 | . . . . . . . 1 . 1 . . . . . . 2 Terrain Destroyed 185 | . . . 14 . . 16 51 22 4 8 11 . 14 . 5 40 Melee . | . . . . . . . . . . . . . . . . . Projectile 41 | . . . . . . . 29 . 4 . 2 . . . 5 1 AOE 144 | . . . 14 . . 16 22 22 . 8 9 . 14 . . 39 Terrain Rammed . | . . . . . . . . . . . . . . . . . Walls Destroyed . | . . . . . . . . . . . . . . . . . Machines Disabled . | . . . . . . . . . . . . . . . . . Actions | -11 -10 -10 -9 -9 -9 -8 -8 -8 -8 -8 -7 -7 -7 -7 -7 -7 --------- Run | Yrd Mat Min Mat Min Exi Min Mat Gar Mat Gar Fac Was Fac Gar Fac Gar Total 8385 | 62 283 91 370 609 252 25 1235 921 478 478 314 383 506 571 1648 159 Wait 977 | 2 12 48 45 24 3 2 168 89 110 137 5 22 28 36 239 7 Move 6294 | 40 241 42 242 581 236 16 858 700 315 279 277 235 407 435 1272 118 Hop . | . . . . . . . . . . . . . . . . . Pick Up 114 | 10 8 . 17 1 3 . 20 10 3 2 4 5 8 8 13 2 Fast Attach 40 | . . . 2 . . . 16 1 2 2 1 4 3 3 6 . Attach 63 | 7 1 . 3 . 1 . 14 5 1 2 3 2 5 10 4 5 Detach 10 | . 1 . . . . . 5 3 . . . 1 . . . . Swap 104 | . 4 . 10 . 3 1 9 18 9 8 4 5 6 5 17 5 Drop 114 | . 3 . 10 1 6 . 26 14 6 3 3 12 8 6 15 1 Fire 620 | 3 13 1 41 2 . 6 118 72 25 43 15 91 34 63 73 20 Melee 47 | . . . . . . . 1 9 7 . 2 6 7 5 9 1 Ram . | . . . . . . . . . . . . . . . . . Kick . | . . . . . . . . . . . . . . . . . Crush . | . . . . . . . . . . . . . . . . . Escape Stasis 2 | . . . . . . . . . . 2 . . . . . . Rewire . | . . . . . . . . . . . . . . . . . Trap . | . . . . . . . . . . . . . . . . . Miscellaneous . | . . . . . . . . . . . . . . . . . Route ------- -11/Scrapyard -10/Materials (discovered 4 exits: [Mat] / [*Min x2] / [*Sub]) -10/Mines -9/Materials -9/Mines (discovered 3 exits: *Mat x2 / *Exi) -9/Exiles -8/Mines -8/Materials (discovered 3 exits: Fac / *Sto / Gar) -8/Garrison (discovered 3 exits: *Mat x3) -8/Materials -8/Garrison (discovered 3 exits: *Fac x3) -7/Factory -7/Waste -7/Factory (discovered 3 exits: [*Fac] / [*Low] / Gar) -7/Garrison -7/Factory (discovered 3 exits: [*Fac x2] / Gar) -7/Garrison History --------- Turn | Location | Event 20 | -11/Scrapyard | Discovered new exit (range 16) 84 | -11/Scrapyard | Entered Materials 85 | -10/Materials | Met a group of wandering Federalists 308 | -10/Materials | Build established: Mutant 462 | -10/Materials | Discovered new exit (range 12) 462 | -10/Materials | Discovered new exit (range 18) 483 | -10/Materials | Discovered new exit (range 15) 493 | -10/Materials | Discovered new exit (range 14) 536 | -10/Materials | Entered Mines 573 | -10/Mines | Learned Materials terminal intel 645 | -10/Mines | Discovered new exit (range 7) 655 | -10/Mines | Entered Materials 655 | -9/Materials | Evolved 2 slots: Propulsion x1, Utility x1 656 | -9/Materials | Loaded intel: 10 terminal locations 1143 | -9/Materials | Discovered new exit (range 10) 1163 | -9/Materials | Entered Mines 1175 | -9/Mines | Assisted by bots powering up and referring to "LRC-V3" 1206 | -9/Mines | Learned 4 Materials zone layouts 1379 | -9/Mines | Discovered new exit (range 7) 1466 | -9/Mines | Received a Mining Laser from a helpful Derelict 1757 | -9/Mines | Discovered new exit (range 9) 2111 | -9/Mines | Deemed a non-threat by the Exiles lab entrance 2111 | -9/Mines | Discovered new exit (range 5) 2125 | -9/Mines | Entered Exiles 2125 | -9/Exiles | Accompanied by 3 allies 2164 | -9/Exiles | Met 8R-AWN 2189 | -9/Exiles | Met EX-HEX 2241 | -9/Exiles | Met EX-BIN 2263 | -9/Exiles | Aligned with FarCom system 2265 | -9/Exiles | Given EX-Vault access code 2303 | -9/Exiles | Opened EX-Vault 2319 | -9/Exiles | Found YOLO Cannon 2321 | -9/Exiles | Found Trap Reconfigurator 2326 | -9/Exiles | Found Skeleton Box 2355 | -9/Exiles | Warned to stay clear of 0b10 Research branches 2402 | -9/Exiles | Met EX-DEC 2498 | -9/Exiles | Discovered new exit (range 10) 2517 | -9/Exiles | Stole three prototypes: Skeleton Box, Trap Reconfigurator, YOLO Cannon 2517 | -9/Exiles | Entered Mines 2517 | -8/Mines | Accompanied by 3 allies 2553 | -8/Mines | Discovered new exit (range 6) 2558 | -8/Mines | Lost 3 allies 2563 | -8/Mines | Entered Materials 2563 | -8/Materials | Evolved 2 slots: Utility x2 2564 | -8/Materials | Identified exit to Factory 2564 | -8/Materials | Identified exit to Storage 2640 | -8/Materials | Repaired Lgt. Treads 2668 | -8/Materials | Repaired Ion Engine 2736 | -8/Materials | Lost 6 parts (2n2u2w) 3311 | -8/Materials | Build established: Scavenger-Mutant 4606 | -8/Materials | Identified exit to Garrison 4606 | -8/Materials | Entered Garrison 4646 | -8/Garrison | Triggered checkpoint 4676 | -8/Garrison | Installed Relay Interface Framework 4709 | -8/Garrison | Garrison Relay disabled 4862 | -8/Garrison | Triggered checkpoint 4870 | -8/Garrison | Triggered checkpoint 4981 | -8/Garrison | Triggered checkpoint 5015 | -8/Garrison | Triggered checkpoint 5039 | -8/Garrison | Destroyed 10 combat bots 5104 | -8/Garrison | Discovered new exit (range 5) 5217 | -8/Garrison | Remotely autohacked Sealed Heavy Doors 5231 | -8/Garrison | Rescued a captive Derelict 5264 | -8/Garrison | Triggered checkpoint 5297 | -8/Garrison | Garrison Relay disabled 5469 | -8/Garrison | Discovered new exit (range 30) 5469 | -8/Garrison | Discovered new exit (range 26) 5469 | -8/Garrison | Discovered new exit (range 84) 5627 | -8/Garrison | Core integrity fell below 50% 5844 | -8/Garrison | Triggered checkpoint 5907 | -8/Garrison | Garrison Relay disabled 6043 | -8/Garrison | Entered Materials 6244 | -8/Materials | Build established: Bothacker-Mutant 6305 | -8/Materials | Repaired Imp. Ion Engine 6718 | -8/Materials | Identified exit to Garrison 6718 | -8/Materials | Entered Garrison 6736 | -8/Garrison | Discovered exit to Factory (range 68) 6736 | -8/Garrison | Discovered exit to Factory (range 88) 6736 | -8/Garrison | Discovered exit to Factory (range 45) 6770 | -8/Garrison | Triggered checkpoint 6842 | -8/Garrison | Garrison Relay disabled 6955 | -8/Garrison | Core integrity fell below 20% 7004 | -8/Garrison | Triggered checkpoint 7215 | -8/Garrison | Triggered checkpoint 7322 | -8/Garrison | Triggered checkpoint 7367 | -8/Garrison | Expanded RIF knowledge: Program Shield 7410 | -8/Garrison | Entered Factory 7410 | -7/Factory | Evolved 2 slots: Power x1, Propulsion x1 7412 | -7/Factory | FarCom data flow suspended 7819 | -7/Factory | Sucked down chute 7819 | -7/Factory | Entered Waste 7836 | -7/Waste | Spotted C-40 Crusher 7850 | -7/Waste | Destroyed C-40 Crusher 7857 | -7/Waste | Spotted C-40 Crusher 7858 | -7/Waste | Spotted C-40 Crusher 7893 | -7/Waste | Spotted C-40 Crusher 7920 | -7/Waste | Spotted C-40 Crusher 7955 | -7/Waste | Destroyed C-40 Crusher 8052 | -7/Waste | Destroyed C-40 Crusher 8074 | -7/Waste | Spotted C-40 Crusher 8104 | -7/Waste | Crushed by Compactor (0 parts destroyed, 1 dropped) 8143 | -7/Waste | Destroyed C-40 Crusher 8176 | -7/Waste | Destroyed C-40 Crusher 8245 | -7/Waste | Destroyed C-40 Crusher 8330 | -7/Waste | Discovered new exit (range 13) 8374 | -7/Waste | Entered Factory 8481 | -7/Factory | Discovered new exit (range 15) 8819 | -7/Factory | Discovered new exit (range 11) 9167 | -7/Factory | Identified exit to Garrison 9173 | -7/Factory | Entered Garrison 9221 | -7/Garrison | Found embedded Infiltrators 9237 | -7/Garrison | Triggered checkpoint 9309 | -7/Garrison | Expanded RIF knowledge: Threat Obfuscation 9328 | -7/Garrison | Garrison Relay disabled 9473 | -7/Garrison | Triggered checkpoint 9502 | -7/Garrison | Spotted B-75 Beast 9502 | -7/Garrison | Spotted B-75 Beast 9520 | -7/Garrison | Allies destroyed B-75 Beast 9555 | -7/Garrison | Destroyed B-75 Beast 9903 | -7/Garrison | Triggered checkpoint 9919 | -7/Garrison | Core integrity fell below 50% 9962 | -7/Garrison | Lost 4 parts (1p1n1u1w) 10076 | -7/Garrison | Discovered new exit (range 12) 10095 | -7/Garrison | Entered Factory 10572 | -7/Factory | P-60 Hacker assimilated allied Smith 4a 11894 | -7/Factory | Discovered new exit (range 6) 12249 | -7/Factory | Discovered new exit (range 10) 12616 | -7/Factory | Identified exit to Garrison 12616 | -7/Factory | Entered Garrison 12664 | -7/Garrison | Triggered checkpoint 12681 | -7/Garrison | Garrison Relay disabled 12782 | -7/Garrison | Triggered checkpoint 12849 | -7/Garrison | Core integrity fell below 20% 12879 | -7/Garrison | Destroyed by P-60 Hacker with Shock Rifle Last Messages --------------- 12859_ P-60 Hacker resets L-41 Fighter, system corruption cleaned. 12862_ The unstable cave ceiling collapses. 12862_ L-41 Fighter destroyed. 12867_ System corrupted: Heat flow error (+162). 12867_ Hvy. Treads destroyed. 12870_ Power failure, Nuclear Core shutdown. 12870_ Plasma Cannon broken. 12870_ Overheating: Short circuit. 12871_ Overheating: Energy bleed (-43). 12873_ Overheating: Hvy. Ion Cannon damaged (-27). 12874_ Overheating: Matter decay (-27). 12875_ Overheating: Energy bleed (-27). 12875_ Critical hit (Burn: +37). 12878_ Jacked G-50 Soldier... >>overwrite_iff Rewriting IFF filter. 12878_ Hvy. Ion Cannon destroyed. 12878_ Imp. Light Armor Plating destroyed. Map ----- +----------------------------------------------------+ | ?????????????????????????????????????????????????? | | ?????????????????????????????????????????????????? | | ?????????????????????????????????????????????????? | | ??????????????????? ????????????????????????????? | | ??????????????????# ????????????????????????????? | | ?????????????""""## #???????????????????????????? | | ??????????? ???????????????????????????? | | ??????????? ???????????????????????????? | | ??????????? ???????????????????????????? | | ????????????# ???????????????????????????? | | ???????????## #??????????????????????????? | | ??????????? ??????????????????????????? | | ??????????? ??????????????????????????? | | ??????????? ??????????????????????????? | | ?????????? = ?####?????????????????????? | | ????????????# % ### #?????#######?????????? | | ???????# ## ####### #?????????? | | ?????? [ #?????????? | | ?????? =%=% # # #?????????? | | ???????# ! ! ### # ## #?????????? | | ????????# ##""""### ## #####?##?????????? | | ???????????????????# # # # #????????????????? | | ???????????????????# ?# #Y ## #????????????????? | | ???????????????????# ### %!### #????????????????? | | ???????????????????# Ygp # #????????????????? | | ???????????????????######@#### #????????????????? | | ????????????????????????# #??# #????????????????? | | ????????????????????????# #??# #????????????????? | | ????????????????????????# #??# #????????????????? | | ?????????????????????######### #????????????????? | | ?????????????????????# ^ #????????????????? | | ?????????????????????# ####### ############?????? | | ?????????????????????# #?????# #?????? | | ?????????????????????# ###???# #?????? | | ?????????????????????# #???########### #?????? | | ?????????????????????# #?????????????# #?????? | | ?????????????????????# #?????????????#####?????? | | ?????????????????????# ###???????????????????????? | | ?????????????????????# #?????????????????????????? | | ?????????????????????# #?????????????????????????? | | ?????????????????????# #?????????????????????????? | | ???????????????????### #?????????????????????????? | | ???????????????????#"# #?????????????????????????? | | ???????????????????#"! #?????????????????????????? | | ???????????????????# ! #?????????????????????????? | | ???????????????????#"! #?????????????????????????? | | ???????????????????#"# #?????????????????????????? | | ???????????????????#####?????????????????????????? | | ?????????????????????????????????????????????????? | | ?????????????????????????????????????????????????? | +----------------------------------------------------+ Best States ------------- Heat Dissipation 61 Energy Generation 37 Energy Capacity 550 Matter Stores 500 Matter Capacity 500 Sight Range 16 Robot Scan Range 15 Terrain Scan Density 10 Armor Coverage 450 Core Shielding 20 Propulsion Shielding 33 Evasion (%) 50 Targeting Accuracy 8 Target Analysis 5 Recoil Reduction 4 Offensive Hacking 20 Relay Coupler Types 3 Relay Coupler Value 90 Item Schematics ----------------- None Robot Schematics ------------------ None Fabricated ------------ Nothing Repaired ---------- Lgt. Treads | 15% | -8/Materials Ion Engine | 70% | -8/Materials Imp. Ion Engine | 34% | -8/Materials Alien Tech Used ----------------- None Achievements -------------- None Challenges ------------ None Game ------ Seed PointySlugDiverter Manual? 0 Play Time 03:08:18 Cumulative 40.0 hours Start 2025.05.06 @ 17:01:59 End 2025.05.10 @ 14:07:25 Sessions 3 Manual Loads 0 Difficulty Rogue Special Mode None Game No. 27 Rogue 27 Adventurer 0 Explorer 0 Win Type - Total 0 Types 0/0/0/0/0/0/0/0/0/0 Lore% 11 Gallery% 28 Achievement% 33 Wizard Run 0 Options --------- Layout 1 ASCII 0 Keyboard 0 Movement Mouse Keybinds 0 Fullscreen 1 Font 32/SmallcapsGlow Map View 50x35 Zoom Use 0% Tactical HUD 1 Map Filters NONE Filters NONE Steam 1 RUN: dc7f6abc-3a8b-44ac-8edc-125e81d0650d